Map: Nightshade LE

Players

Texturace - Winner!

  • Race: Zerg Zerg
  • League: Diamond
  • Spawn Location: 11:00

NoFearZ

  • Race: Terran Terran
  • League: Diamond
  • Spawn Location: 5:00

VOD

Have the link to the VOD?

Description

Time

  • Played on: May 28, 2020, 5:26 a.m.
  • Length: 12:38
Show
View Real Time Build Order
Export as new Build Order

Texturace Zerg - Winner!

Build Orders: Hatch First 

Get SALT Encoding   

  12  0:01  Drone  
  13  0:13  Overlord  
  13  0:17  Drone  
  14  0:31  Drone x2  
  14  0:35  Drone  
  17  0:55  Hatchery  
  17  0:56  Drone  
  17  1:00  Extractor  
  17  1:01  Drone  
  17  1:16  Spawning Pool  
  16  1:19  Drone  
  16  1:22  Drone  
  18  1:28  Drone  
  19  1:39  Drone  
  20  1:49  Overlord  
  20  2:07  Queen  
  20  2:08  Zergling x4, Queen  
  25  2:11  Metabolic Boost  
  26  2:17  Drone  
  26  2:18  Drone  
  28  2:24  Drone  
  29  2:30  Drone  
  30  2:42  Hatchery  
  29  2:48  Queen  
  31  2:51  Drone  
  31  2:53  Drone  
  33  3:00  Drone x2  
  33  3:01  Drone  
  36  3:05  Overlord  
  36  3:13  Overlord  
  36  3:24  Queen  
  38  3:35  Drone x7  
  45  3:41  Roach Warren  
  45  3:46  Overlord  
  45  3:47  Overlord  
  44  3:56  Drone  
  44  3:57  Drone x4  
  44  4:01  Extractor  
  44  4:02  Extractor  
  47  4:03  Zergling x2  
  47  4:04  Zergling x6  
  51  4:12  Queen  
  53  4:17  Spine Crawler  
  53  4:20  Drone  
  53  4:21  Drone x3  
  53  4:22  Drone  
  57  4:28  Roach x2  
  57  4:29  Roach  
  59  4:55  Roach  
  59  4:56  Roach  
  55  5:07  Roach x2  
  55  5:09  Queen  
  55  5:13  Overlord  
  55  5:14  Overlord x2  
  59  5:43  Roach  
  59  5:44  Roach x10  
  76  6:01  Spine Crawler  
  69  6:18  Drone x9  
  71  6:20  Lair  
  71  6:22  Queen  
  80  6:32  Overlord  
  80  6:33  Overlord x2  
  80  6:40  Ravager  
  80  6:41  Ravager  
  82  6:56  Ravager  
  82  6:57  Ravager x7  
  82  6:59  Drone  
  82  7:00  Drone x9  
  100  7:36  Roach x7  
  100  7:37  Roach x2  
  106  7:43  Overlord  
  106  7:44  Overlord x2  
  98  8:00  Spore Crawler x2, Queen x3  
  98  8:01  Spore Crawler  
  89  8:28  Glial Reconstitution  
  89  8:34  Hydralisk Den  
  80  8:35  Extractor  
  79  8:47  Overseer  
  79  8:59  Queen x3  
  83  9:03  Drone x3, Hydralisk  
  83  9:04  Hydralisk x11  
  103  9:10  Drone x3  
  103  9:11  Drone x4  
  103  9:13  Spore Crawler  
  103  9:14  Spore Crawler  
  103  9:16  Spore Crawler  
  98  9:19  Drone  
  98  9:21  Extractor  
  98  9:22  Extractor  
  97  9:50  Roach  
  97  9:51  Roach x15  
  129  9:55  Muscular Augments  
  129  10:20  Overlord x4  
  129  10:21  Overlord x3  
  129  10:26  Overseer  
  129  10:27  Overseer  
  129  10:42  Hydralisk x2  
  129  10:43  Hydralisk x6  
  145  10:55  Drone x3  
  145  10:56  Drone x2, Spore Crawler  
  149  11:10  Hydralisk  
  149  11:11  Hydralisk x4  
  151  11:14  Ravager x2  
  151  11:15  Ravager  
  152  11:53  Hydralisk x6  
  152  11:54  Overlord  
  152  11:55  Overlord x5  
  160  12:13  Spire  
Show
View Real Time Build Order
Export as new Build Order

NoFearZ Terran 

Build Orders: 1/1/1, Hellion Opening 

Get SALT Encoding   

  12  0:02  SCV  
  14  0:14  SCV  
  14  0:18  Refinery  
  14  0:25  Supply Depot  
  14  0:28  SCV  
  15  0:46  SCV  
  15  0:48  Barracks  
  16  0:52  Refinery  
  16  1:06  SCV  
  17  1:18  SCV  
  18  1:36  Factory  
  18  1:41  Orbital Command  
  18  1:46  Supply Depot  
  18  1:47  Barracks Reactor  
  18  2:21  Starport  
  18  2:31  Hellion  
  18  2:32  Armory  
  20  2:38  Barracks Reactor  
  21  2:51  Supply Depot  
  21  2:54  Hellion  
  22  3:00  Hellion  
  24  3:07  Medivac  
  26  3:13  SCV  
  26  3:15  Marine  
  28  3:30  Hellion x2  
  28  3:31  Marine  
  28  3:32  Marine  
  34  3:38  SCV  
  35  3:49  Marine  
  35  3:50  Marine  
  35  3:51  Hellion  
  39  3:59  Supply Depot  
  39  4:05  Supply Depot  
  39  4:20  Medivac  
  41  4:33  Marine  
  41  4:34  Hellion x2, Marine  
  35  5:10  Marine x2  
  35  5:11  Hellion  
  34  5:21  Starport Tech Lab  
  32  5:29  Hellion x2  
  32  5:34  Command Center  
  30  5:58  Hellion x2, Marine x2  
  30  6:19  Hellion x2  
  32  6:29  Banshee  
  35  6:41  Hellion, Hellbat  
  35  6:46  Starport  
  39  6:48  Orbital Command  
  39  6:51  SCV  
  40  6:56  Marine  
  41  7:03  SCV  
  36  7:32  Banshee  
  36  7:33  Starport Tech Lab  
  36  7:36  Widow Mine x2  
  23  8:01  Orbital Command  
  18  8:07  Banshee  
  20  8:15  Starport Tech Lab  
  18  8:32  Hellion  
  18  8:33  Hellion  
  22  8:35  Banshee  
  25  8:43  SCV  
  26  8:50  Banshee  
  28  9:01  Hellion  
  30  9:07  Hellion  
  28  9:11  SCV  
  28  9:14  SCV  
  30  9:25  Viking  
  30  9:26  SCV  
  33  9:36  SCV  
  33  9:38  SCV  
  35  9:48  SCV  
  35  9:50  Viking, SCV  
  39  10:00  SCV  
  39  10:02  SCV  
  41  10:14  SCV  
  41  10:16  Cloaking Field  
  41  10:19  Hellion x2, Starport Reactor  
  46  10:26  SCV  
  47  10:38  SCV  
  48  10:46  Barracks, SCV  
  48  10:47  Hellion  
  51  10:51  SCV  
  52  11:03  SCV  
  51  11:12  Viking  
  53  11:18  Viking  
  53  11:22  Banshee  
  24  12:14  Command Center  
Tags
 
Add a new tag
Caveats
  • Supply blocks, unpowered buildings, or Contaminate may cause inaccurate times.
  • Supply counts are checked every 10 seconds.